 Dungeon Crawl Stone Soup version 0.31-a0-806-g0bc164a743 (webtiles) character file.

Game seed: 13951798430018976464

362 Ordine the Ruffian (level 6, -3/70 HPs)
             Began as a Merfolk Shapeshifter on Sept 21, 2023.
             Shot with a sling bullet by a goblin (4 damage)
             ... on level 4 of the Dungeon.
             The game lasted 00:06:41 (2492 turns).

Ordine the Ruffian (Merfolk Shapeshifter)           Turns: 2492, Time: 00:06:42

Health: -3/70      AC: 19    Str: 16    XL:     6   Next: 66%
Magic:  6/6        EV:  2    Int:  9    God:
Gold:   152        SH:  0    Dex: 14    Spells: 5/5 levels left

rFire   . .          .
                       - Unarmed
rCold   + . .        (no shield)
rNeg    . . .        a - melded +0 animal skin
rPois   +            (helmet currently unavailable)
rElec   .            (cloak currently unavailable)
rCorr   .            (gloves currently unavailable)
SInv    .            o - melded +0 pair of boots
Will    .....        (no amulet)
Stlth   ++           j - ring of protection from cold
HPRegen 0.31/turn    (no ring)
MPRegen 0.10/turn

%: no passive effects
@: tree-form, corroded
A: stationary, stasis, torment immunity, boosted hp, (nimble swimmer 2),
(mertail)
a: no special abilities


You were on level 4 of the Dungeon.
You were a tree.
You visited 2 branches of the dungeon, and saw 5 of its levels.

You collected 152 gold pieces.

Inventory:

Armour
 a - a +0 animal skin (melded)
 o - a +0 pair of boots (melded)
 w - a +1 helmet
Jewellery
 j - a ring of protection from cold (left branch)
 s - the Hermit's Pendant {Faith Invo=14 Evo=0 MP+5}
   (You found it on level 3 of the Dungeon)

   [amulet of faith]

   Invo=14: It sets your Invocations skill to 14.
   Evo=0: It sets your Evocations skill to 0.
   Faith:     It allows you to gain divine favour quickly.
   MP+5:      It affects your magic capacity (+5).
Talismans
 c - a beast talisman
 d - a flux talisman
Wands
 k - a wand of acid (4)
Scrolls
 e - a scroll of enchant armour {unknown}
 f - a scroll of fog {unknown}
 g - 2 scrolls of blinking {unknown}
 h - 4 scrolls of identify {unknown}
 i - a scroll of amnesia {unknown}
 r - a scroll of brand weapon {unknown}
 u - a scroll of immolation {unknown}
 v - a scroll of teleportation {unknown}
Potions
 l - 2 potions of haste {unknown}
 m - a potion of mutation {unknown}
 n - 2 potions of curing {unknown}
 p - a potion of degeneration {unknown}
 q - a potion of heal wounds {unknown}
 t - a potion of ambrosia {unknown}


   Skills:
 + Level 3.0 Fighting
 + Level 4.4 Dodging
 + Level 2.6 Stealth
 * Level 5.4 Unarmed Combat
 + Level 5.1 Shapeshifting


You had 5 spell levels left.
You didn't know any spells.
Your spell library contained the following spells:

 Spells                   Type           Power      Damage    Failure   Level
 Volatile Blastmotes      Fire/Tloc      0%         2d10      77%         3
 Fulminant Prism          Conj/Hex       0%         3d5       99%         4
 Iskenderun's Mystic Bla  Conj/Tloc      0%         2d3       99%         4


Dungeon Overview and Level Annotations

Branches:
Dungeon (4/15)             Temple (1/1) D:4

Altars:
Cheibriados
Elyvilon
Fedhas
Gozag
Kikubaaqudgha
Makhleb
Nemelex Xobeh
Okawaru
Qazlal
Ru
Sif Muna
Trog
Uskayaw
Wu Jian
Xom
Yredelemnul
Zin
The Shining One


Innate Abilities, Weirdness & Mutations

You are a tree.
Your roots penetrate the ground, keeping you stationary.
You cannot be teleported.
You are immune to unholy pain and torment.
Your maximum health is greatly increased.
Your equipment is partially melded.
((You are very nimble when in or above water. (Stealth+, EV+, Speed+++)))
((Your lower body shifts to a powerful aquatic tail in water.))


Message History

A jelly comes into view.
The kobold hits you with a +0 dagger.
* * * LOW HITPOINT WARNING * * *
Unknown command.
Unknown command.
You closely miss the kobold.
The kobold is severely wounded.
The orc hits you but does no damage. The kobold hits you but does no damage.
The jelly quivers.
You smack the kobold!
You kill the kobold!
You hear the slow hiss of a very distant avalanche of sand.
The orc hits you but does no damage.
You hit the orc.
The orc is lightly wounded.
A goblin comes into view. It is wielding a +0 club.
The orc hits you with a +0 flail.
* * * LOW HITPOINT WARNING * * *
The goblin shouts!
You smack the orc!
You kill the orc!
You hear a shout!
The goblin unwields a +0 club.
The goblin wields a +0 sling.
The goblin shoots a sling bullet.
The sling bullet hits you but does no damage.
A kobold comes into view.
It is wielding a +0 club and quivering poisoned darts.
The goblin shoots a sling bullet.
The sling bullet hits you but does no damage.
The kobold shouts!
You hit the jelly but do no damage.
Your branches burn!
* * * LOW HITPOINT WARNING * * *
You are no longer corroded.
The jelly hits you but does no damage.
The goblin shoots a sling bullet.
The sling bullet hits you but does no damage.
You hit the jelly. The acid corrodes you!
Your branches burn!
* * * LOW HITPOINT WARNING * * *
The jelly is lightly wounded.
The jelly hits you but does no damage.
The goblin shoots a sling bullet.
The sling bullet hits you.
You die...

.###
..)...>.................
.g......................
..................#.....
........##..............
........##..............
........................
......))................
......)♣....K....##.....
...##..J####.......##..8
#...####.......#....
#..............#...8
................#....
.................#...8
#.................#....
#......................
...............####


You could see a jelly, a goblin and a kobold.

Vanquished Creatures
  Sigmund (D:3)
  A hound (D:3)
  A jelly (D:4)
  Natasha (thrice) (D:2)
  An adder (D:3)
  3 worms (D:3)
  4 orcs (D:4)
  6 ball pythons
  6 endoplasms
  3 giant cockroaches
  4 goblins
  3 hobgoblins
  9 kobolds
  4 bats
  3 frilled lizards
  3 rats (D:2)
55 creatures vanquished.

Notes
Turn   | Place    | Note
-------+----------+-------------------------------------------
     0 | D:1      | Ordine the Merfolk Shapeshifter began the quest for the
                  | Orb.
     0 | D:1      | Reached XP level 1. HP: 15/15 MP: 1/1
   214 | D:1      | Found a faded altar of an unknown god.
   280 | D:1      | Reached XP level 2. HP: 21/21 MP: 2/2
   792 | D:2      | Reached XP level 3. HP: 23/26 MP: 3/3
  1114 | D:2      | Noticed Natasha
  1119 | D:2      | Killed Natasha
  1202 | D:2      | Noticed Natasha
  1212 | D:2      | Killed Natasha
  1213 | D:2      | Reached skill level 1 in Stealth
  1213 | D:2      | Reached XP level 4. HP: 27/33 MP: 4/4
  1348 | D:2      | Noticed Natasha
  1359 | D:2      | Killed Natasha
  1663 | D:3      | Found an opulent altar of Gozag.
  1676 | D:3      | Noticed Sigmund
  1681 | D:3      | Killed Sigmund
  1682 | D:3      | Reached skill level 5 in Unarmed Combat
  1682 | D:3      | Reached XP level 5. HP: 40/40 MP: 5/5
  1682 | D:3      | Reached XP level 6. HP: 46/46 MP: 6/6
  1757 | D:3      | Found a faded altar of an unknown god.
  1757 | D:3      | Found the Hermit's Pendant {Faith Invo=14 Evo=0 MP+5}
  1916 | D:3      | Reached skill level 5 in Shapeshifting
  2434 | D:4      | Found a staircase to the Ecumenical Temple.
  2446 | Temple   | Entered the Ecumenical Temple
  2491 | D:4      | HP: 3/70 [acid (5)]
  2492 | D:4      | HP: 1/70 [acid (2)]
  2492 | D:4      | Shot with a sling bullet by a goblin

Illustrated notes

Levels and vault maps discovered:
D:1:      dpeg_arrival_snail, layout_loops_ring,
          dreamdust_ecumenical_altar_grove, minmay_pentomino_x2
D:2:      layout_basic, st_stairs_1, minmay_fractal_squares_5, uniq_natasha
D:3:      layout_loops_corners, grunt_gozag_statues,
          hellmonk_guarded_unrand_hermit, uniq_sigmund
D:4:      layout_basic, minmay_temple_entry_statues_fountains, enter_ossuary_1,
          nicolae_shop_i_like_small_books_too
Temple:   nicolae_temple_bog_church

Skill      XL: |  1  2  3  4  5  6 |
---------------+-------------------+-----
Dodging        | 3 4 |  4.4
Fighting       | 2 3 |  3.0
Unarmed Combat | 4 5 |  5.4
Stealth        | 1 2 |  2.6
Shapeshifting  | 5 |  5.1

Action                     |  1- 3 |  4- 6 || total
---------------------------+-------+-------++-------
  Melee: Unarmed           |    55 |    75 ||   130
         Punch             |       |     1 ||     1
Ability: Begin Untransform |       |     1 ||     1
  Evoke: Wand              |       |     2 ||     2
    Use: Potion            |       |     1 ||     1
   Stab: Sleeping          |     2 |     3 ||     5
 Armour: Animal skin       |    24 |    21 ||    45
         Skin              |       |    11 ||    11
  Dodge: Dodged            |    31 |    47 ||    78
   Form: Beast             |       |     1 ||     1

Table legend: (Time is in decaauts)
 A = Elapsed time spent in this place.
 B = Non-inter-level travel time spent in this place.
 C = Inter-level travel time spent in this place.
 D = Time resting spent in this place.
 E = Time spent auto-exploring this place.
 F = Levels seen in this place.
 G = Mean time per level.
                   A        B        C        D        E       F      G
               +--------+--------+--------+--------+--------+-----+--------+
         Total |   2498 |   2270 |    228 |     66 |   1807 |   5 |  499.6 |
       Dungeon |   2496 |   2268 |    228 |     66 |   1807 |   4 |  624.0 |
        Temple |      1 |      1 |      0 |      0 |      0 |   1 |    1.0 |
               +--------+--------+--------+--------+--------+-----+--------+

Top non-repeatable levels by time:
     D:3: 940 daAuts
     D:2: 860 daAuts
     D:1: 640 daAuts
     D:4: 55 daAuts
  Temple: 1 daAuts
